 Dungeon Crawl Stone Soup version 0.29-a0-370-gb5314be063 (webtiles) character file.

Game seed: 17458344004513281693

130 Bruhh the Ducker (level 5, -4/47 HPs)
             Began as a Gnoll Monk on May 2, 2022.
             Slain by Grinder (6 damage)
             ... on level 4 of the Dungeon.
             The game lasted 00:07:47 (4278 turns).

Bruhh the Ducker (Gnoll Monk)                       Turns: 4278, Time: 00:07:48

Health: -4/47      AC:  3    Str: 10    XL:     5   Next: 14%
Magic:  7/7        EV: 13    Int: 10    God:
Gold:   294        SH:  8    Dex: 16    Spells: 6/6 levels left

rFire   . . .      SeeInvis .   s - +2 long sword (holy)
rCold   . . .      Faith    .   o - +0 kite shield
rNeg    . . .      Spirit   .   e - +0 leather armour
rPois   .          Reflect  .   (no helmet)
rElec   .          Harm     .   (no cloak)
rCorr   .          Rampage  .   (no gloves)
Will    .....                   (no boots)
Stlth   +++.......              (no amulet)
HPRegen 0.15/turn               (no ring)
MPRegen 0.10/turn               (no ring)

@: no status effects
A: fangs 1, strong nose, distributed training
a: no special abilities


You were on level 4 of the Dungeon.
You visited 1 branch of the dungeon, and saw 4 of its levels.

You collected 294 gold pieces.

Inventory:

Hand Weapons
 a - a +0 falchion
 s - a +2 long sword of holy wrath (weapon)
Armour
 b - a +0 robe
 e - a +0 leather armour (worn)
 o - a +0 kite shield (worn)
Wands
 m - a wand of iceblast (6)
Scrolls
 g - a scroll of summoning {unknown}
 h - a scroll of torment {unknown}
 j - a scroll of holy word {unknown}
 k - 2 scrolls of teleportation {unknown}
 l - a scroll of vulnerability {unknown}
 n - a scroll of enchant armour {unknown}
 q - a scroll of fog {unknown}
 t - a scroll of identify {unknown}
Potions
 d - 3 potions of brilliance
 f - 2 potions of lignification
 i - 3 potions of curing
 p - a potion of mutation {unknown}
 u - 3 potions of heal wounds {unknown}


   Skills:
 + Level 6.6 Fighting
 + Level 1.4 Short Blades
 + Level 6.6 Long Blades
 + Level 1.4 Axes
 + Level 1.4 Maces & Flails
 + Level 1.4 Polearms
 + Level 1.4 Staves
 + Level 1.4 Slings
 + Level 1.4 Bows
 + Level 1.4 Crossbows
 + Level 1.4 Throwing
 + Level 1.4 Armour
 + Level 6.6 Dodging
 + Level 4.3 Stealth
 + Level 1.4 Shields
 + Level 1.4 Unarmed Combat
 + Level 1.4 Spellcasting
 + Level 1.1 Conjurations
 + Level 1.1 Hexes
 + Level 1.1 Summonings
 + Level 1.1 Necromancy
 + Level 1.1 Translocations
 + Level 1.1 Transmutations
 + Level 1.1 Fire Magic
 + Level 1.1 Ice Magic
 + Level 1.1 Air Magic
 + Level 1.1 Earth Magic
 + Level 1.1 Poison Magic
 + Level 1.5 Invocations
 + Level 1.4 Evocations


You had 6 spell levels left.
You didn't know any spells.
Your spell library was empty.

Dungeon Overview and Level Annotations

Branches:
Dungeon (4/15)
 Temple: D:4-7

Altars:
Ashenzari

Annotations:
D:4 Grinder


Innate Abilities, Weirdness & Mutations

You have very sharp teeth.
Your uncanny sense of smell can sniff out nearby items.
Your experience applies equally to all skills.


Message History

Grinder blinks!
You don't have any such object.
Evoke which item? (* to show all) (? for menu, Esc to quit)
You don't have any such object.
Evoke which item? (* to show all) (? for menu, Esc to quit)
Aiming: Iceblast
Press: ? - help, Shift-Dir - straight line, f/p - Grinder
Aim: Grinder, carrying a wand of flame (11) (moderately wounded)
The mass of ice explodes!
The iceblast engulfs Grinder!
Grinder partially resists.
Grinder is heavily wounded.
Aiming: Corrosive Bolt
Press: ? - help, Shift-Dir - straight line, f/p - Grinder
Aim: Grinder, carrying a wand of flame (11) (heavily wounded, 68% to hit)
The bolt of acid hits Grinder!
Grinder is severely wounded.
Grinder drinks a potion.
Grinder is healed!
Unknown command.
Aiming: Corrosive Bolt
Press: ? - help, Shift-Dir - straight line, f/p - Grinder
Aim: Grinder, carrying a wand of flame (11) (heavily wounded, 68% to hit)
The bolt of acid hits Grinder.
The acid corrodes Grinder!
Grinder is severely wounded.
The now-empty wand crumbles to dust.
Grinder zaps a wand.
The puff of flame hits you!
Grinder blinks!
Grinder gestures at you. Pain shoots through your body!
* * * LOW HITPOINT WARNING * * *
Grinder zaps a wand.
The puff of flame hits you.
* * * LOW HITPOINT WARNING * * *
Grinder hits you.
* * * LOW HITPOINT WARNING * * *
You barely miss Grinder.
Grinder is severely wounded.
Grinder closely misses you.
You hit Grinder but do no damage. You bite Grinder.
Grinder is severely wounded.
You block Grinder's attack. Grinder hits you.
You die...

...###. #.#
......#####.## #.#
...##...##
#.###.#.#.....#
#.....#......##
###.#####.<...#
#...#...###........
###.#.### #########
#.@5# #####


You could see Grinder (corroded).

Vanquished Creatures
  An orc wizard (D:3)
  3 adders
  A gnoll (D:3)
  A worm (D:4)
  A dart slug (D:1)
  5 orcs
  3 endoplasms
  A giant cockroach (D:3)
  6 goblins
  8 hobgoblins
  A jackal (D:2)
  7 kobolds
  5 quokkas
  4 ball pythons
  4 bats
  3 frilled lizards
  7 rats
61 creatures vanquished.

Notes
Turn   | Place    | Note
-------+----------+-------------------------------------------
     0 | D:1      | Bruhh the Gnoll Monk began the quest for the Orb.
     0 | D:1      | Reached XP level 1. HP: 23/23 MP: 1/1
   285 | D:1      | Reached XP level 2. HP: 12/29 MP: 2/2
  1072 | D:1      | Reached XP level 3. HP: 32/35 MP: 3/3
  1624 | D:2      | Found a broken altar of Ashenzari.
  2398 | D:3      | Reached skill level 1 in Invocations
  2612 | D:3      | Reached skill level 1 in Short Blades
  2612 | D:3      | Reached skill level 1 in Axes
  2612 | D:3      | Reached skill level 1 in Maces & Flails
  2612 | D:3      | Reached skill level 1 in Polearms
  2612 | D:3      | Reached skill level 1 in Staves
  2612 | D:3      | Reached skill level 1 in Slings
  2612 | D:3      | Reached skill level 1 in Bows
  2612 | D:3      | Reached skill level 1 in Crossbows
  2612 | D:3      | Reached skill level 1 in Throwing
  2612 | D:3      | Reached skill level 1 in Armour
  2612 | D:3      | Reached skill level 1 in Shields
  2612 | D:3      | Reached skill level 1 in Unarmed Combat
  2612 | D:3      | Reached skill level 1 in Spellcasting
  2612 | D:3      | Reached skill level 1 in Evocations
  2738 | D:3      | Reached XP level 4. HP: 41/41 MP: 5/5
  3081 | D:4      | Noticed Grinder
  3100 | D:3      | Reached skill level 1 in Conjurations
  3100 | D:3      | Reached skill level 1 in Hexes
  3100 | D:3      | Reached skill level 1 in Summonings
  3100 | D:3      | Reached skill level 1 in Necromancy
  3100 | D:3      | Reached skill level 1 in Translocations
  3100 | D:3      | Reached skill level 1 in Transmutations
  3100 | D:3      | Reached skill level 1 in Fire Magic
  3100 | D:3      | Reached skill level 1 in Ice Magic
  3100 | D:3      | Reached skill level 1 in Air Magic
  3100 | D:3      | Reached skill level 1 in Earth Magic
  3100 | D:3      | Reached skill level 1 in Poison Magic
  3244 | D:4      | Paralysed by Grinder for 4 turns
  4171 | D:3      | Reached XP level 5. HP: 38/47 MP: 5/7
  4260 | D:4      | Paralysed by Grinder for 3 turns
  4276 | D:4      | HP: 2/47 [Grinder (5)]
  4278 | D:4      | Slain by Grinder

Illustrated notes

Levels and vault maps discovered:
D:1:      minmay_arrival_nine_rooms, layout_basic, st_stairs_6
D:2:      layout_loops_ring, basic_altar, kennysheep_pointless_box,
          minmay_tromino_i2
D:3:      layout_loops_ring
D:4:      minmay_diamond_boxcup, layout_loops_corners,
          minmay_increasing_density, uniq_grinder

Skill      XL: |  1  2  3  4 |
---------------+-------------+-----
Invocations    | 1 |  1.5
Short Blades   | 1 |  1.4
Axes           | 1 |  1.4
Maces & Flails | 1 |  1.4
Polearms       | 1 |  1.4
Staves         | 1 |  1.4
Slings         | 1 |  1.4
Bows           | 1 |  1.4
Crossbows      | 1 |  1.4
Throwing       | 1 |  1.4
Armour         | 1 |  1.4
Shields        | 1 |  1.4
Unarmed Combat | 1 |  1.4
Spellcasting   | 1 |  1.4
Evocations     | 1 |  1.4
Conjurations   | 1 |  1.1
Hexes          | 1 |  1.1
Summonings     | 1 |  1.1
Necromancy     | 1 |  1.1
Translocations | 1 |  1.1
Transmutations | 1 |  1.1
Fire Magic     | 1 |  1.1
Ice Magic      | 1 |  1.1
Air Magic      | 1 |  1.1
Earth Magic    | 1 |  1.1
Poison Magic   | 1 |  1.1
Fighting       | |  6.6
Long Blades    | |  6.6
Dodging        | |  6.6
Stealth        | |  4.3

Action                   |  1- 3 |  4- 6 || total
-------------------------+-------+-------++-------
Melee: Falchion          |   121 |       ||   121
       Bite              |    17 |     7 ||    24
       Punch             |     2 |       ||     2
       Long sword        |    15 |    50 ||    65
Evoke: Wand              |       |     4 ||     4
  Use: Potion            |       |     3 ||     3
 Stab: Sleeping          |     7 |     6 ||    13
Armor: Leather armour    |    22 |     2 ||    24
       Skin              |       |     8 ||     8
Dodge: Dodged            |    92 |    30 ||   122
Block: Kite shield       |    16 |    30 ||    46

Table legend: (Time is in decaauts)
 A = Elapsed time spent in this place.
 B = Non-inter-level travel time spent in this place.
 C = Inter-level travel time spent in this place.
 D = Time resting spent in this place.
 E = Time spent auto-exploring this place.
 F = Levels seen in this place.
 G = Mean time per level.
                   A        B        C        D        E       F      G
               +--------+--------+--------+--------+--------+-----+--------+
         Total |   4298 |   4148 |    150 |    573 |   2962 |   4 | 1074.5 |
       Dungeon |   4298 |   4148 |    150 |    573 |   2962 |   4 | 1074.5 |
               +--------+--------+--------+--------+--------+-----+--------+

Top non-repeatable levels by time:
     D:3: 1640 daAuts
     D:1: 1372 daAuts
     D:2: 870 daAuts
     D:4: 416 daAuts
